 Dungeon Crawl Stone Soup version 0.28-a0-563-gf77a47075d (webtiles) character file.

Game seed: 9761027966884237572

402654 jasper the Englaciator (level 22, -9/161 HPs)
             Began as a Demonspawn Venom Mage on Sept 30, 2021.
             Was the Champion of Vehumet.
             Shot with an arrow by a deep elf master archer (34 damage)
             ... on level 3 of the Elven Halls.
             The game lasted 02:12:15 (74828 turns).

jasper the Englaciator (Demonspawn Venom Mage)     Turns: 74828, Time: 02:12:15

Health: -9/161     AC: 22    Str:  3    XL:     22   Next: 31%
Magic:  29/38      EV: 15    Int: 43    God:    Vehumet [******]
Gold:   851        SH: 13    Dex: 14    Spells: 3/46 levels left

rFire   . . .      SeeInvis +   T - staff of cold
rCold   + + .      Faith    .   c - +3 buckler of Amorality {Regen+ rCorr Str-3 SInv}
rNeg    + . .      Spirit   .   s - +6 leather armour of Misanthropy {rN+ Str-4 Int+6}
rPois   .          Reflect  +   A - +2 helmet
rElec   .          Harm     .   v - +2 cloak
rCorr   +          Rampage  .   (gloves unavailable)
Will    +....                   P - +2 pair of boots
Stlth   ++........              x - amulet of reflection
HPRegen 1.36/turn               J - +6 ring of intelligence
MPRegen 0.26/turn               V - +6 ring of intelligence

@: lethally poisoned (-9 -> -10), on vortex cooldown, unable to drink, studying
Shields
A: no potions, claws 3, icy blue scales 3, icemail 2, condensation shield,
demonic magic 3, corrupting presence 1
}: 2/15 runes: serpentine, barnacled
a: Renounce Religion


You were on level 3 of the Elven Halls.
You worshipped Vehumet.
Vehumet was exalted by your worship.
You visited 8 branches of the dungeon, and saw 40 of its levels.
You visited the Abyss 1 time.
You visited 1 bazaar.
You also visited: Bailey, Gauntlet, Volcano and Wizlab.

You collected 6751 gold pieces.
You spent 5900 gold pieces at shops.

Inventory:

Hand Weapons
 w - the +7 sceptre of Torment {pain, torment}
   (You found it on level 6 of the Dungeon)

   In the hands of one skilled in necromantic magic, it inflicts extra damage on
   living creatures.
   It occasionally torments all nearby living foes when it strikes in combat.
Missiles
 X - 2 throwing nets
Armour
 c - the +3 buckler of Amorality (worn) {Regen+ rCorr Str-3 SInv}
   (You bought it in a shop on level 3 of the Shoals)

   Str:       It affects your strength (-3).
   SInv:      It lets you see invisible.
   Regen:     It increases your rate of health regeneration.
   rCorr:     It protects you from acid and corrosion.
 s - the +6 leather armour of Misanthropy (worn) {rN+ Str-4 Int+6}
   (You took it off a kobold on level 5 of the Dungeon)

   Str:       It affects your strength (-4).
   Int:       It affects your intelligence (+6).
   rN:        It protects you from negative energy.
 v - a +2 cloak (worn)
 A - a +2 helmet (worn)
 P - a +2 pair of boots (worn)
Magical Staves
 m - a staff of conjuration
 T - a staff of cold (weapon)
Jewellery
 n - a ring of willpower
 p - a ring of protection from cold
 t - a ring of positive energy
 u - the macabre finger necklace {rN+}
   (You bought it in a shop on level 4 of the Vaults)

   [amulet of nothing]

   It enables you to equip an extra ring.
   rN:        It protects you from negative energy.
 x - an amulet of reflection (around neck)
 y - a ring of willpower
 D - a ring of protection from fire
 J - a +6 ring of intelligence (left claw)
 S - an amulet of regeneration
 V - a +6 ring of intelligence (right claw)
Wands
 b - a wand of acid (14)
 h - a wand of digging (16)
 q - a wand of mindburst (14)
 Y - a wand of polymorph (7)
Scrolls
 k - 2 scrolls of summoning
 l - 3 scrolls of fear
 o - 14 scrolls of teleportation
 C - 17 scrolls of identify
 G - 6 scrolls of immolation
 K - a scroll of magic mapping
 L - 3 scrolls of amnesia
 M - 6 scrolls of fog
 Q - a scroll of blinking
 W - 4 scrolls of silence
 Z - 10 scrolls of enchant armour
Potions
 a - 5 potions of lignification
 d - 2 potions of cancellation
 f - 7 potions of curing
 g - a potion of magic
 i - 3 potions of mutation
 j - a potion of resistance
 r - 5 potions of invisibility
 z - 9 potions of brilliance
 B - 8 potions of haste
 E - 6 potions of heal wounds
 F - a potion of flight
 N - 4 potions of might
 O - 10 potions of ambrosia
Miscellaneous
 e - a condenser vane
 H - a phantom mirror
 I - a phial of floods
 R - a tin of tremorstones (2/2)
 U - a box of beasts


   Skills:
 + Level 10.7 Fighting
 + Level 10.6 Dodging
 - Level 1.7 Stealth
 - Level 4.0 Shields
 + Level 12.5 Spellcasting
 + Level 13.5 Conjurations
 - Level 10.8 Necromancy
 - Level 2.0 Transmutations
 - Level 3.3 Fire Magic
 O Level 27 Ice Magic
 - Level 6.3 Air Magic
 - Level 8.2 Poison Magic
 - Level 6.1 Evocations


You had 3 spell levels left.
You knew the following spells:

 Your Spells              Type           Power      Damage    Failure   Level
a - Orb of Destruction    Conj           48%        9d15      2%          7
b - Mephitic Cloud        Conj/Pois/Air  82%        N/A       1%          3
c - Polar Vortex          Ice            78%        N/A       1%          9
d - Ignite Poison         Fire/Tmut/Pois 60%        N/A       1%          3
e - Sublimation of Blood  Necr           44%        N/A       1%          2
f - Sticky Flame          Conj/Fire      79%        2d9       1%          4
g - Ozocubu's Refrigerat  Ice            78%        4d20      1%          7
h - Simulacrum            Ice/Necr       68%        N/A       1%          6
i - Blink                 Tloc           N/A        N/A       3%          2

Your spell library contained the following spells:

 Spells                   Type           Power      Damage    Failure   Level
 Chain Lightning          Conj/Air       42%        3d56      100%        9
 Fire Storm               Conj/Fire      39%        8d10      100%        9
 Shatter                  Erth           13%        3d13*     100%        9
 Freeze                   Ice            100%       1d11      0%          1
 Ensorcelled Hibernation  Hex/Ice        100%       N/A       0%          2
 Frozen Ramparts          Ice            100%       1d12      0%          3
 Ozocubu's Armour         Ice            100%       N/A       0%          3
 Pain                     Necr           100%       1d9       1%          1
 Sting                    Tmut/Pois      100%       1d8       1%          1
 Corpse Rot               Necr/Air       N/A        N/A       1%          2
 Poisonous Vapours        Pois/Air       100%       N/A       1%          2
 Static Discharge         Conj/Air       84%        N/A       1%          2
 Wereblood                Tmut           44%        N/A       1%          2
 Conjure Flame            Conj/Fire      79%        6-21      1%          3
 Spider Form              Tmut/Pois      31%        N/A       1%          3
 Stone Arrow              Conj/Erth      100%       3d13      1%          3
 Summon Small Mammal      Summ           100%       N/A       2%          1
 Call Canine Familiar     Summ           26%        N/A       7%          3
 Portal Projectile        Hex/Tloc       52%        N/A       7%          3
 Summon Guardian Golem    Hex/Summ       26%        N/A       7%          3
 Tukima's Dance           Hex            26%        N/A       7%          3
 Hailstorm                Conj/Ice       100%       3d20      0%          4
 Airstrike                Air            34%        N/A       1%          4
 Dispel Undead            Necr           88%        3d28      1%          4
 Iskenderun's Mystic Bla  Conj/Tloc      71%        2d14      1%          4
 Olgreb's Toxic Radiance  Pois           78%        N/A       1%          4
 Agony                    Necr           88%        N/A       1%          5
 Excruciating Wounds      Necr           44%        N/A       1%          5
 Fireball                 Conj/Fire      39%        3d16      1%          5
 Freezing Cloud           Conj/Ice/Air   63%        6-21      1%          5
 Irradiate                Conj/Tmut      38%        3d26      1%          5
 Iskenderun's Battlesphe  Conj           97%        2d14      1%          5
 Lightning Bolt           Conj/Air       42%        1d61      1%          5
 Metabolic Englaciation   Hex/Ice        60%        N/A       1%          5
 Conjure Ball Lightning   Conj/Air       42%        3x3d15    1%          6
 Starburst                Conj/Fire      39%        6d11      3%          6
 Summon Lightning Spire   Summ/Air       52%        N/A       6%          4
 Eringya's Noxious Bog    Tmut/Pois      31%        N/A       11%         6
 Petrify                  Tmut/Erth      35%        N/A       14%         4
 Lee's Rapid Deconstruct  Erth           13%        3d10*     16%         5
 Animate Armour           Summ/Erth      52%        N/A       22%         4
 Leda's Liquefaction      Hex/Erth       13%        N/A       22%         4
 Lehudib's Crystal Spear  Conj/Erth      35%        10d9      89%         8
 Statue Form              Tmut/Erth      23%        N/A       92%         6
 Ignition                 Fire           27%        3d9       100%        8
 Summon Horrible Things   Summ           13%        N/A       100%        8


Dungeon Overview and Level Annotations

Branches:
Dungeon (15/15)            Temple (1/1) D:5            Lair (6/6) D:10
 Shoals (4/4) Lair:3        Snake (4/4) Lair:2        Slime (0/5) Lair:5
    Orc (2/2) D:11            Elf (3/3) Orc:2        Vaults (5/5) D:14
  Crypt (0/3) Vaults:2     Depths (0/4) D:15         Bailey (visited)
Volcano (visited)          WizLab (visited)         Gauntlet (visited)

Altars:
Ashenzari
Cheibriados
Dithmenos
Elyvilon
Fedhas
Gozag
Hepliaklqana
Kikubaaqudgha
Makhleb
Nemelex Xobeh
Okawaru
Qazlal
Ru
Sif Muna
Trog
Uskayaw
Vehumet
Wu Jian
Xom
Yredelemnul
Zin
The Shining One
Beogh

Shops:
D:1 (   D:6 (*(((   D:11 *   D:14 ?   Orc:2 ([[=(   Shoals:3 [*(   Snake:1 =:=
Snake:2 ?(?   Snake:4 [   Vaults:2 (   Vaults:4 :[=

Annotations:
D:3 Ijyb
D:4 1 runed translucent door, Zenkrye's ghost, novice DjWn
Elf:2 3 runed translucent doors


Innate Abilities, Weirdness & Mutations

You cannot drink.
You have claws for hands.
You are completely covered in icy blue scales. (AC +4, rC+)
A meltable icy envelope protects you from harm. (AC +0)
A meltable shield of frost defends you. (SH +0)
Spells you cast and wands you use may paralyse nearby enemies.
Your presence sometimes corrodes those you injure.


Message History

The arrow barely misses the deep elf master archer.
You take 2 damage, and have 70/161 hp.
You regained 2 mp, and now have 32/38 mp.
You kill the deep elf sorcerer!
Vehumet accepts your kill.
You feel your power returning.
You feel sick.
You hear a shout!
A deep elf demonologist comes into view.
It is wielding a +0 rapier.
A deep elf high priest comes into view. It is wielding a +0 long sword.
The deep elf master archer shoots an arrow.
The arrow hits you!!
* * * LOW HITPOINT WARNING * * *
The deep elf master archer shoots an arrow.
The arrow hits you!
* * * LOW HITPOINT WARNING * * *
Items here: )) [ †.
You take 44 damage, and have 26/161 hp.
MASSIVE DAMAGE!!
You regained 4 mp, and now have 36/38 mp.
You cannot drink potions in your current state!
Unknown command.
Casting: Polar Vortex (dangerous; 1% risk of failure)
Confirm with . or Enter, or press ? or * to list all spells.
You feel a surge of power!
The heat is drained from your surroundings.
You feel very cold. The monsters around you are frozen!
The deep elf master archer is severely wounded.
Your corrupting presence corrodes the deep elf demonologist!
The deep elf demonologist is heavily wounded.
Your corrupting presence corrodes the deep elf high priest!
The deep elf high priest is heavily wounded.
The +1 hand axe of venom resists.
The +1 hand axe of venom is moderately damaged.
Malevolent energies surge around you.
The +1 hand axe of venom falls from the air.
Vehumet accepts your kill.
The winds around you start to calm down.
You float gracefully downwards.
You feel sick.
The deep elf master archer shoots an arrow.
The arrow hits you!!
You die...

#....###.#.......#
#.###.#.##.......#
#§)###.######...##
#§§# ### ######...
#§§# .#. #§§# #
#§§# #§§# #@§#
..§#§§§§§§§§#..
..###§§§§§§###.
..§#§§§§§§§§#..
#.§§§§§§§§§§§./
##§§§§§§§§§§§.#
##.....e.e..##
##......e.##


You could see a deep elf master archer, a deep elf demonologist (corroded) and a
deep elf high priest (corroded).

Vanquished Creatures
  Mara (Snake:4)
  Nikola (Shoals:3)
  A bone dragon (Abyss:2)
  2 liches (Abyss:2)
  2 deep elf blademasters (Elf:3)
  Jorgrun (Orc:2)
  A deep elf master archer (Elf:3)
  Asterion (Vaults:2)
  Frances (D:12)
  An Executioner (Abyss:2)
  4 tentacled starspawn
  A kraken (Shoals:4)
  5 sphinxes
  2 tengu reavers (Vaults:5)
  Kirke (Shoals:2)
  An ancient champion (Vaults:2)
  A shadow dragon (Vaults:5)
  Donald (Elf:3)
  Ilsuiw (Shoals:3)
  Roxanne (Shoals:3)
  7 nagarajas
  3 deep elf sorcerers (Elf:3)
  15 vault wardens
  3 deep elf elementalists (Elf:3)
  2 frost giants
  4 corrupters (WizLab)
  4 very ugly things
  20 ironbound preservers
  2 war gargoyles
  5 deep elf demonologists
  A vampire knight (Vaults:2)
  An entropy weaver (Vaults:1)
  5 deep elf annihilators (Elf:3)
  An entropy weaver (shapeshifter) (WizLab)
  8 dire elephants
  A minotaur (Gauntlet)
  Snorg (Orc:1)
  9 merfolk javelineers
  2 merfolk impalers (Shoals:4)
  3 deep elf death magi (Elf:3)
  An ettin (WizLab)
  4 deep elf high priests
  A fire dragon (Lair:6)
  11 hydras
  2 crystal guardians
  6 great orbs of eyes
  11 yaktaur captains
  Harold (D:11)
  7 ironbound thunderhulks
  35 vault guards
  19 naga warriors
  2 salamander tyrants (Snake:4)
  4 boulder beetles
  20 centaur warriors
  2 peacekeepers
  10 anacondas
  A catoblepas (Lair:2)
  An ogre mage (D:10)
  A death knight (D:15)
  2 alligators
  7 ironbound frosthearts
  3 merfolk avatars
  6 satyrs
  18 dancing weapons
  6 merfolk aquamancers
  2 alligator snapping turtles
  14 death yaks
  5 two-headed ogres
  7 tengu warriors
  A vampire mage (Vaults:2)
  Urug (Lair:1)
  4 shock serpents (Snake:4)
  5 naga sharpshooters
  12 deep elf knights
  A fire crab (shapeshifter) (Vaults:2)
  9 salamander mystics
  A goliath frog (Shoals:2)
  3 sixfirhies (Abyss:2)
  A wretched star (Abyss:2)
  11 sea snakes
  A goliath frog (shapeshifter) (Elf:3)
  A skeletal warrior (D:10)
  48 deep trolls
  A swamp dragon (Lair:6)
  A spriggan druid (WizLab)
  2 phantasmal warriors
  13 wizards
  38 harpies
  8 naga ritualists
  A lindwurm (shapeshifter) (D:10)
  A harpy (shapeshifter) (D:15)
  7 orc knights
  14 lindwurms
  13 deep elf archers
  24 mana vipers
  12 ironbound convokers
  A mana viper (shapeshifter) (WizLab)
  A necromancer (Vaults:2)
  An oklob plant (Lair:5)
  28 deep elf zephyrmancers
  2 wolf spiders
  25 ugly things
  26 fauns
  30 deep elf pyromancers
  An orc sorcerer (Orc:1)
  13 manticores
  6 cyclopes
  A worldbinder (Abyss:2)
  13 salamanders
  Maurice (D:10)
  10 naga magi
  11 water nymphs
  2 rust devils (Abyss:2)
  11 merfolk sirens
  19 elephants
  36 black mambas
  A gargoyle (D:7)
  11 guardian serpents
  25 cane toads
  A torpor snail (Lair:4)
  4 vault sentinels
  3 smoke demons
  2 kobold demonologists (D:12)
  Psyche (D:8)
  A rime drake (shapeshifter) (D:15)
  38 yaktaurs
  6 rime drakes
  11 komodo dragons
  A tormentor (Abyss:2)
  2 ancient zymes (Abyss:2)
  5 tengu conjurers
  2 queen bees
  3 freezing wraiths
  4 polar bears
  3 meliai (D:15)
  6 trolls
  7 wind drakes
  6 large abominations
  30 merfolk
  5 hornets
  9 dream sheep
  Prince Ribbit (D:9)
  12 slime creatures
  A raiju (shapeshifter) (D:15)
  6 snapping turtles
  2 meliai zombies
  3 raiju
  6 blink frogs
  2 shadows
  3 air elementals
  5 redbacks
  15 water elementals
  A human (shapeshifter) (D:15)
  3 wraiths
  17 yaks
  A ynoxinul (Abyss:2)
  A hog (shapeshifter) (D:15)
  A vampire (D:7)
  11 small abominations
  2 fire elementals
  17 wyverns
  A hog (Shoals:2)
  10 humans (D:14)
  7 basilisks
  Menkaure (D:7)
  A chaos spawn (Abyss:2)
  4 steam dragons
  4 vampire mosquitoes
  Grum (D:8)
  Edmund (D:5)
  46 nagas
  2 wargs
  7 acid dragons
  25 water moccasins
  4 hell hounds
  A swamp drake (Lair:6)
  44 orc warriors
  A necrophage (D:4)
  21 wolves
  4 black bears
  6 ogres
  13 boggarts
  17 centaurs
  8 kobold brigands
  18 bullfrogs
  Blork the orc (D:6)
  2 earth elementals
  A gnoll sergeant (D:9)
  A wyvern zombie (D:5)
  44 killer bees
  4 wights (D:8)
  4 howler monkeys
  5 electric eels
  A quasit (Abyss:2)
  3 centaur zombies
  14 orc priests
  A gnoll shaman (D:7)
  A hound (D:4)
  13 jellies
  Crazy Yiuf (D:5)
  A bullfrog skeleton (D:5)
  An iron imp (Abyss:2)
  Terence (D:3)
  7 iguanas
  18 orc wizards
  2 lightning spires (Gauntlet)
  2 hound zombies (D:5)
  A hound skeleton (D:4)
  A mummy (D:9)
  11 gnolls
  A howler monkey skeleton (D:6)
  7 adders
  A shadow imp (D:7)
  6 white imps
  A worm (D:2)
  4 dart slugs
  74 orcs
  9 ball pythons
  8 endoplasms
  2 giant cockroaches
  16 goblins
  4 hobgoblins
  10 jackals
  37 kobolds
  3 quokkas
  6 bats
  2 frilled lizards
  7 rats
  4 starspawn tentacles
  3 tentacles (Shoals:4)
1698 creatures vanquished.

Vanquished Creatures (others)
  A vault guard (D:14)
  A merfolk siren (Shoals:2)
  2 small abominations (Abyss:2)
  71 fungi
  A lurking horror (Abyss:2)
  308 plants
  2 starspawn tentacles (WizLab)
  A tentacle (Shoals:4)
387 creatures vanquished.

Grand Total: 2085 creatures vanquished

Notes
Turn   | Place    | Note
-------+----------+-------------------------------------------
     0 | D:1      | jasper the Demonspawn Venom Mage began the quest for the
                  | Orb.
     0 | D:1      | Reached XP level 1. HP: 13/13 MP: 3/3
   171 | D:1      | Reached skill level 1 in Transmutations
   542 | D:1      | Gained mutation: You are partially covered in icy blue
                  | scales. (AC +2) [demonic ancestry]
   542 | D:1      | Reached XP level 2. HP: 19/19 MP: 1/5
   823 | D:1      | Found Onefon's Weapon Boutique.
  1354 | D:1      | Reached XP level 3. HP: 24/24 MP: 3/6
  1358 | D:1      | Learned a level 3 spell: Mephitic Cloud
  1481 | D:1      | Identified a scroll of acquirement
  1481 | D:1      | Acquired 817 gold pieces
  1953 | D:2      | Found a faded altar of an unknown god.
  2641 | D:3      | Noticed Ijyb
  2647 | D:3      | Noticed Terence
  2674 | D:3      | Killed Terence
  2675 | D:3      | Reached XP level 4. HP: 10/30 MP: 2/7
  3370 | D:4      | Reached skill level 5 in Poison Magic
  3452 | D:4      | Reached XP level 5. HP: 35/35 MP: 6/8
  3485 | D:4      | Found a shadowy altar of Dithmenos.
  4985 | D:5      | Entered Level 5 of the Dungeon
  4986 | D:5      | Noticed Edmund
  5009 | D:5      | Killed Edmund
  5010 | D:5      | Gained mutation: You have sharp fingernails. [demonic
                  | ancestry]
  5010 | D:5      | Reached XP level 6. HP: 14/41 MP: 4/9
  5326 | D:5      | Found a staircase to the Ecumenical Temple.
  5340 | Temple   | Entered the Ecumenical Temple
  5494 | D:5      | Reached XP level 7. HP: 46/46 MP: 4/10
  5594 | D:5      | Learned a level 4 spell: Olgreb's Toxic Radiance
  6069 | D:5      | Identified the +6 leather armour of Misanthropy {rN+ Str-4
                  | Int+6}
  6081 | D:5      | Reached skill level 1 in Conjurations
  6081 | D:5      | Reached skill level 1 in Air Magic
  6447 | D:5      | Found an ornate altar of the Wu Jian Council.
  6453 | D:5      | Found a shimmering blue altar of Sif Muna.
  6458 | D:5      | Found a blossoming altar of Fedhas.
  6564 | D:5      | Found a stormy altar of Qazlal.
  6741 | D:5      | Found a runed translucent door.
  6742 | D:5      | Noticed Crazy Yiuf
  7011 | D:5      | Found a bloodstained altar of Trog.
  7442 | D:5      | Killed Crazy Yiuf
  7659 | D:6      | Found the +7 sceptre of Torment {pain, torment}
  7659 | D:6      | Found Vumyh's Weapon Shop.
  7666 | D:6      | Found an iron altar of Okawaru.
  7761 | D:6      | Found Wonniufa's Weapon Shop.
  7785 | D:6      | Learned a level 3 spell: Ignite Poison
  7807 | D:6      | Gained mutation: A meltable shield of frost defends you.
                  | (SH +0) [demonic ancestry]
  7807 | D:6      | Reached XP level 8. HP: 52/52 MP: 3/12
  7915 | D:6      | Found Xaodwatt's Weapon Shop.
  8031 | D:6      | Found Jytiac's General Store.
  8038 | D:6      | Bought 2 potions of haste for 260 gold pieces
  8038 | D:6      | Bought a scroll of identify for 26 gold pieces
  8038 | D:6      | Bought a scroll of identify for 26 gold pieces
  8043 | D:6      | Found Vehoydo's Weapon Emporium.
  8299 | D:6      | Learned a level 3 spell: Conjure Flame
  8428 | D:6      | Noticed Blork the orc
  8443 | D:6      | Killed Blork the orc
  8444 | D:6      | Reached skill level 1 in Fire Magic
  9020 | D:7      | Noticed a gargoyle
  9037 | D:7      | Killed a gargoyle
  9038 | D:7      | Reached skill level 5 in Spellcasting
  9038 | D:7      | Reached skill level 5 in Conjurations
  9038 | D:7      | Gained mutation: Spells you cast may paralyse adjacent
                  | enemies. [demonic ancestry]
  9038 | D:7      | Reached XP level 9. HP: 35/57 MP: 1/17
  9043 | D:7      | Learned a level 4 spell: Sticky Flame
  9207 | D:7      | Noticed Menkaure
  9211 | D:7      | Killed Menkaure
  9623 | D:7      | Found a sparkling altar of Nemelex Xobeh.
  9652 | D:7      | Found a hide-covered altar of Uskayaw.
 10187 | D:8      | Noticed Grum
 10207 | D:8      | Killed Grum
 10401 | D:8      | Noticed a tengu warrior
 10403 | D:8      | Noticed a purple ugly thing
 10413 | D:8      | Killed a purple ugly thing
 10498 | D:8      | Noticed Psyche
 10523 | D:8      | Identified the +0 helmet of Ignis's Hope {Harm Rampage rN+
                  | Dex+4}
 11269 | D:4      | Found a runed translucent door.
 11283 | D:4      | Noticed Zenkrye's ghost (novice DjWn)
 12005 | D:8      | Noticed a two-headed ogre
 12013 | D:8      | Killed a two-headed ogre
 12014 | D:8      | Reached skill level 10 in Conjurations
 12014 | D:8      | Gained mutation: A meltable icy envelope protects you from
                  | harm. (AC +0) [demonic ancestry]
 12014 | D:8      | Reached XP level 10. HP: 63/63 MP: 0/18
 12175 | D:8      | Noticed a manticore
 12180 | D:8      | Killed a manticore
 12181 | D:8      | Reached skill level 1 in Fighting
 12181 | D:8      | Reached skill level 1 in Evocations
 12301 | D:8      | Killed Psyche
 12329 | D:8      | Found a radiant altar of Vehumet.
 12334 | D:8      | Became a worshipper of Vehumet
 12420 | D:8      | Killed a tengu warrior
 13144 | D:9      | Found a shimmering altar of Xom.
 13204 | D:9      | Noticed a two-headed ogre
 13216 | D:9      | Killed a two-headed ogre
 13884 | D:9      | Gained mutation: You have very sharp fingernails. [demonic
                  | ancestry]
 13884 | D:9      | Reached XP level 11. HP: 78/78 MP: 11/19
 13885 | D:9      | Reached * piety under Vehumet
 13885 | D:9      | Offered knowledge of Sandblast by Vehumet.
 13888 | D:9      | Reached skill level 5 in Dodging
 13888 | D:9      | Reached skill level 5 in Evocations
 13890 | D:9      | Reached skill level 5 in Fighting
 14207 | D:9      | Noticed Prince Ribbit
 14221 | D:9      | Killed Prince Ribbit
 14420 | D:9      | Found a snail-covered altar of Cheibriados.
 14503 | D:10     | Entered Level 10 of the Dungeon
 14921 | D:10     | Found a staircase to the Lair.
 15026 | D:10     | Offered knowledge of Scorch by Vehumet.
 15113 | D:10     | Reached ** piety under Vehumet
 15369 | D:10     | Noticed Maurice
 15416 | D:10     | Killed Maurice
 16191 | D:10     | Noticed a deep elf pyromancer
 16197 | D:10     | Killed a deep elf pyromancer
 16298 | D:10     | Noticed a white ugly thing
 16314 | D:10     | Killed a white ugly thing
 16315 | D:10     | Gained mutation: You have claws for hands. [demonic
                  | ancestry]
 16315 | D:10     | Reached XP level 12. HP: 54/91 MP: 9/22
 16485 | D:10     | Offered knowledge of Inner Flame by Vehumet.
 16673 | D:10     | Noticed an ogre mage
 16691 | D:10     | Killed an ogre mage
 16983 | D:10     | Learned a level 5 spell: Freezing Cloud
 17126 | D:10     | Reached skill level 1 in Ice Magic
 17572 | D:11     | Found Hovyulucki's Assorted Antiques.
 17575 | D:11     | Bought a brightly glowing marble ring for 170 gold pieces
 17575 | D:11     | Identified the ring of Evuuv {Will+ Str-3 Slay+6} (You
                  | bought it in a shop on level 11 of the Dungeon)
 17575 | D:11     | Bought a runed pearl amulet for 170 gold pieces
 17575 | D:11     | Bought a scroll of immolation for 119 gold pieces
 17583 | D:11     | Noticed a two-headed ogre
 17589 | D:11     | Killed a two-headed ogre
 17590 | D:11     | Reached skill level 2 in Ice Magic
 17962 | D:11     | Found a staircase to the Orcish Mines.
 17991 | D:11     | Noticed a four-headed hydra
 17997 | D:11     | Killed a four-headed hydra
 17998 | D:11     | Reached skill level 3 in Ice Magic
 18072 | D:11     | Found a broken altar of Ashenzari.
 18077 | D:11     | Noticed Harold
 18082 | D:11     | Killed Harold
 18391 | Lair:1   | Entered Level 1 of the Lair of Beasts
 18580 | Lair:1   | Identified the +7 long sword "Veigenn" {vorpal, rElec
                  | Str+3}
 18581 | Lair:1   | Noticed Urug
 18584 | Lair:1   | Reached skill level 4 in Ice Magic
 18587 | Lair:1   | Killed Urug
 18588 | Lair:1   | Reached skill level 5 in Air Magic
 19422 | Lair:2   | Noticed a seven-headed hydra
 19428 | Lair:2   | Killed a seven-headed hydra
 19429 | Lair:2   | Reached skill level 5 in Ice Magic
 19554 | Lair:2   | Reached *** piety under Vehumet
 19885 | Lair:2   | Found a staircase to the Snake Pit.
 20159 | Lair:2   | Identified the +6 dagger of Umnelipo {vorpal, rN+ Str+2}
 20206 | Lair:2   | Noticed a boulder beetle
 20211 | Lair:2   | Killed a boulder beetle
 20212 | Lair:2   | Gained mutation: Spells you cast may paralyse nearby
                  | enemies. [demonic ancestry]
 20212 | Lair:2   | Reached XP level 13. HP: 98/98 MP: 9/24
 20386 | Lair:2   | Reached skill level 6 in Ice Magic
 21439 | Lair:3   | Offered knowledge of Flame Wave by Vehumet.
 21564 | Lair:3   | Reached skill level 7 in Ice Magic
 21680 | Lair:3   | Found a dark tunnel.
 21701 | Volcano  | Entered a volcano
 22771 | Lair:3   | Reached skill level 8 in Ice Magic
 23135 | Lair:3   | Found a staircase to the Shoals.
 23441 | Lair:4   | Learned a level 6 spell: Simulacrum
 23467 | Lair:4   | Reached skill level 1 in Shields
 23719 | Lair:4   | Reached skill level 1 in Necromancy
 23889 | Lair:4   | Reached **** piety under Vehumet
 24119 | Lair:4   | Offered knowledge of Iskenderun's Mystic Blast by Vehumet.
 24678 | Lair:4   | Reached skill level 5 in Necromancy
 25286 | Lair:5   | Reached XP level 14. HP: 105/105 MP: 18/26
 25341 | Lair:5   | Identified the +5 plate armour "Eveoxonot" {rF- Str+5 Int+5
                  | Dex-5}
 25424 | Lair:5   | Found a blossoming altar of Fedhas.
 25972 | Lair:5   | Found a staircase to the Slime Pits.
 26927 | Lair:6   | Entered Level 6 of the Lair of Beasts
 26935 | Lair:6   | Reached skill level 10 in Necromancy
 27326 | Lair:6   | Reached ***** piety under Vehumet
 27326 | Lair:6   | Offered knowledge of Yara's Violent Unravelling by Vehumet.
 27623 | Lair:5   | Reached skill level 9 in Ice Magic
 29354 | Lair:6   | Gained mutation: You are mostly covered in icy blue scales.
                  | (AC +3) [demonic ancestry]
 29354 | Lair:6   | Reached XP level 15. HP: 113/113 MP: 14/28
 29582 | Lair:6   | Reached skill level 10 in Ice Magic
 30736 | Orc:1    | Entered Level 1 of the Orcish Mines
 30924 | Orc:2    | Entered Level 2 of the Orcish Mines
 30924 | Orc:2    | Noticed Jorgrun
 30934 | Orc:2    | Killed Jorgrun
 31239 | Orc:2    | Found Buluamu's Weapon Boutique.
 31760 | Orc:2    | Found a staircase to the Elven Halls.
 32206 | Orc:2    | Offered knowledge of Airstrike by Vehumet.
 32214 | Orc:2    | Found Irety's Jewellery Shoppe.
 32214 | Orc:2    | Found Veyg Zudy's Antique Armour Shop.
 32216 | Orc:2    | Found Momyklam's Antique Armour Boutique.
 32218 | Orc:2    | Found Ciazoic's Weapon Emporium.
 32552 | Orc:1    | Noticed Snorg
 32559 | Orc:1    | Killed Snorg
 33027 | D:12     | Noticed Frances
 33037 | D:12     | Killed Frances
 33339 | D:12     | Learned a level 7 spell: Orb of Destruction
 34051 | D:13     | Found a stormy altar of Qazlal.
 34063 | D:13     | Reached skill level 10 in Spellcasting
 34535 | D:13     | Reached skill level 10 in Fighting
 35514 | D:14     | Found a flagged portal.
 35528 | Bailey   | Entered a bailey
 36713 | Bailey   | Found the necklace of Bloodlust {*Rage Will++ Int-3 Slay+6}
 37151 | D:14     | Reached skill level 10 in Dodging
 37212 | D:14     | You fall into a shaft and drop 1 floor!
 37212 | D:15     | Entered Level 15 of the Dungeon
 37593 | D:15     | Found a gate leading to a gauntlet.
 37602 | Gauntlet | Entered a Gauntlet
 37602 | Gauntlet | Found a runed translucent gate.
 37602 | Gauntlet | Found a transporter.
 37602 | Gauntlet | Found a runed translucent gate.
 37602 | Gauntlet | Found a runed translucent gate.
 37602 | Gauntlet | Found a transporter.
 37610 | Gauntlet | Found a transporter.
 37614 | Gauntlet | Found a transporter.
 37622 | Gauntlet | Found a transporter.
 37626 | Gauntlet | Found a transporter.
 37634 | Gauntlet | Found the ring of the Tortoise {AC+8}
 37637 | Gauntlet | Found a transporter.
 37650 | Gauntlet | Found a transporter.
 37667 | Gauntlet | Found a transporter.
 37668 | Gauntlet | Found a transporter.
 37672 | Gauntlet | Found a runed translucent door.
 37672 | Gauntlet | Found a runed translucent door.
 37676 | Gauntlet | Found a transporter.
 37680 | Gauntlet | Found a transporter.
 37996 | Gauntlet | Offered knowledge of Iron Shot by Vehumet.
 38495 | Gauntlet | Identified the +0 hat of the Doldrums {rC+}
 38628 | Gauntlet | Identified the +6 battleaxe of Sakoocuf {spect, Str+2
                  | Int+4}
 38633 | Gauntlet | Learned a level 2 spell: Sublimation of Blood
 39095 | D:15     | Gained mutation: You are completely covered in icy blue
                  | scales. (AC +4, rC+) [demonic ancestry]
 39095 | D:15     | Reached XP level 16. HP: 106/122 MP: 11/30
 39732 | D:15     | Reached skill level 11 in Ice Magic
 40507 | D:15     | Found a staircase to the Depths.
 40681 | Snake:1  | Entered Level 1 of the Snake Pit
 41231 | Snake:1  | Reached skill level 12 in Ice Magic
 41462 | Snake:1  | Found Quwidom's Book Shoppe.
 41463 | Snake:1  | Found Lucuuh's Jewellery Boutique.
 41463 | Snake:1  | Found Uxoekyj's Jewellery Boutique.
 41469 | Snake:1  | Bought a +6 ring of intelligence for 1170 gold pieces
 41469 | Snake:1  | Bought an amulet of regeneration for 600 gold pieces
 41951 | Snake:1  | Offered knowledge of Ozocubu's Refrigeration by Vehumet.
 43399 | Snake:2  | Learned a level 7 spell: Ozocubu's Refrigeration
 43803 | Snake:2  | Found Qiwyg's Magic Scroll Shoppe.
 43805 | Snake:2  | Found Neoshrikk's Antique Weapon Emporium.
 43807 | Snake:2  | Found Kypsuifi's Magic Scroll Shoppe.
 43811 | Snake:2  | Bought a scroll of fog for 36 gold pieces
 43811 | Snake:2  | Bought a scroll of teleportation for 54 gold pieces
 43815 | Snake:2  | Bought a scroll of acquirement for 624 gold pieces
 43815 | Snake:2  | Bought a scroll of blinking for 90 gold pieces
 43815 | Snake:2  | Bought 2 scrolls of immolation for 84 gold pieces
 43815 | Snake:2  | Bought a scroll of vulnerability for 90 gold pieces
 43815 | Snake:2  | Acquired 817 gold pieces
 44206 | Snake:3  | Reached skill level 13 in Ice Magic
 45573 | Snake:3  | Reached XP level 17. HP: 128/128 MP: 20/32
 45659 | Snake:3  | Reached skill level 14 in Ice Magic
 46523 | Snake:4  | Entered Level 4 of the Snake Pit
 46649 | Snake:4  | Offered knowledge of Lee's Rapid Deconstruction by Vehumet.
 47884 | Snake:4  | Reached skill level 15 in Ice Magic
 49474 | Snake:4  | Reached skill level 16 in Ice Magic
 49481 | Snake:4  | Noticed Mara
 49851 | Snake:4  | Offered knowledge of Spellforged Servitor by Vehumet.
 49984 | Snake:4  | Noticed jasper's illusion
 50797 | Snake:4  | Found Pemedid's Armour Boutique.
 51158 | Snake:4  | Noticed jasper's illusion
 51161 | Snake:4  | Killed Mara
 51299 | Snake:4  | Got a serpentine rune of Zot
 51577 | Shoals:1 | Entered Level 1 of the Shoals
 52141 | Shoals:1 | Reached skill level 17 in Ice Magic
 52870 | Shoals:2 | Noticed Kirke
 52875 | Shoals:2 | Killed Kirke
 53785 | Shoals:2 | Reached XP level 18. HP: 134/134 MP: 29/33
 54202 | Shoals:3 | Noticed Roxanne
 54214 | Shoals:3 | Killed Roxanne
 54218 | Shoals:3 | Offered knowledge of Maxwell's Capacitive Coupling by
                  | Vehumet.
 54220 | Shoals:3 | Reached skill level 18 in Ice Magic
 54732 | Shoals:3 | Acquired 596 gold pieces
 54904 | Shoals:3 | Noticed Ilsuiw
 54909 | Shoals:3 | Killed Ilsuiw
 55629 | Shoals:3 | Noticed Nikola
 55633 | Shoals:3 | Killed Nikola
 56059 | Shoals:3 | Found Afric's Visitors' Centre.
 56077 | Shoals:3 | Reached skill level 19 in Ice Magic
 56199 | Shoals:3 | Found Afric's Merfolk Magic.
 56199 | Shoals:3 | Found Afric's Merfolk Armours.
 56199 | Shoals:3 | Found Afric's Merfolk Weapons.
 56203 | Shoals:3 | Bought a scroll of teleportation for 300 gold pieces
 56203 | Shoals:3 | Bought a potion of flight for 300 gold pieces
 56219 | Shoals:3 | Bought a +2 pair of boots for 198 gold pieces
 56219 | Shoals:3 | Bought the +3 buckler of Amorality {Regen+ rCorr Str-3
                  | SInv} for 360 gold pieces
 56278 | Shoals:4 | Entered Level 4 of the Shoals
 57621 | Shoals:4 | Reached ****** piety under Vehumet
 58559 | Shoals:4 | Reached skill level 20 in Ice Magic
 59298 | Shoals:4 | Got a barnacled rune of Zot
 59564 | Elf:1    | Entered Level 1 of the Elven Halls
 59915 | D:14     | Gained mutation: A meltable icy envelope protects you from
                  | harm. (AC +0) [demonic ancestry]
 59915 | D:14     | Reached XP level 19. HP: 140/140 MP: 18/34
 60399 | D:14     | Offered knowledge of Fire Storm by Vehumet.
 60399 | D:14     | Offered knowledge of Shatter by Vehumet.
 60399 | D:14     | Offered knowledge of Chain Lightning by Vehumet.
 60406 | D:14     | Found a gate to the Vaults.
 60696 | D:14     | Found Guentat's Magic Scroll Emporium.
 60705 | D:14     | Bought a scroll of fog for 26 gold pieces
 60705 | D:14     | Bought a scroll of fear for 45 gold pieces
 60705 | D:14     | Bought a scroll of teleportation for 39 gold pieces
 60705 | D:14     | Bought a scroll of fog for 26 gold pieces
 60705 | D:14     | Bought a scroll of teleportation for 39 gold pieces
 60801 | Vaults:1 | Entered Level 1 of the Vaults
 61615 | Vaults:1 | Reached skill level 21 in Ice Magic
 62007 | Vaults:1 | Got Rites and Rhymes in Simple Steps
 63579 | Vaults:2 | Found a staircase to the Crypt.
 63720 | Vaults:2 | Found Uheihaa's Weapon Emporium.
 64086 | Vaults:2 | Learned a level 9 spell: Polar Vortex
 64453 | Vaults:2 | Reached skill level 22 in Ice Magic
 65378 | Vaults:2 | Gained mutation: Your presence sometimes corrodes those you
                  | injure. [demonic ancestry]
 65378 | Vaults:2 | Reached XP level 20. HP: 108/147 MP: 27/36
 65429 | Vaults:2 | Cast into level 2 of the Abyss (a wizard)
 65656 | Abyss:2  | Noticed a bone dragon
 65663 | Abyss:2  | Killed a bone dragon
 65767 | Abyss:2  | Lost strength.
 65787 | Abyss:2  | Reached skill level 23 in Ice Magic
 65891 | Vaults:2 | Escaped the Abyss
 66140 | Vaults:2 | Noticed Asterion
 66145 | Vaults:2 | Killed Asterion
 67834 | Vaults:3 | Reached skill level 24 in Ice Magic
 68405 | Vaults:4 | Found a flickering gateway to a bazaar.
 68412 | Bazaar   | Entered a bazaar
 68426 | Bazaar   | Found Siosmy's Antique Weapon Emporium.
 68437 | Bazaar   | Found Woroile's Antique Weapon Emporium.
 68443 | Bazaar   | Found Joda's Armour Boutique.
 68448 | Bazaar   | Found Diakeeny's Book Shop.
 68456 | Bazaar   | Bought Xomuolau's Tome of Spatial Summoning for 448 gold
                  | pieces
 68550 | Vaults:4 | Found Vifut's Jewellery Shop.
 68558 | Vaults:4 | Bought the macabre finger necklace {rN+} for 600 gold
                  | pieces
 68558 | Vaults:4 | Found the macabre finger necklace {rN+}
 68607 | Vaults:4 | Found Vykh's Antique Armour Shop.
 68688 | Vaults:4 | Found Zuiqojih's Book Shop.
 68694 | Vaults:4 | Found a magical portal.
 68709 | WizLab   | Entered Alistair's Party Mansion
 69060 | WizLab   | Lost strength.
 69299 | WizLab   | Reached XP level 21. HP: 138/153 MP: 27/37
 69358 | WizLab   | Reached skill level 25 in Ice Magic
 69402 | WizLab   | Got Coituywk's Disquisition on Envenoming and Shape
                  | Shifting
 69825 | Vaults:4 | Learned a level 2 spell: Blink
 70549 | Vaults:5 | Entered Level 5 of the Vaults
 70554 | Vaults:5 | Reached skill level 26 in Ice Magic
 71195 | Elf:1    | HP: 5/153 [deep elf zephyrmancer/bolt of lightning (14)]
 73684 | Elf:2    | Found a runed translucent gate.
 73685 | Elf:2    | Found a runed translucent gate.
 73685 | Elf:2    | Found a runed translucent gate.
 73818 | Elf:2    | Paralysed by an air elemental for 1 turns
 73822 | Elf:2    | Reached skill level 27 in Ice Magic
 74044 | Elf:2    | Gained mutation: Spells you cast and wands you use may
                  | paralyse nearby enemies. [demonic ancestry]
 74044 | Elf:2    | Reached XP level 22. HP: 159/159 MP: 25/38
 74326 | Elf:3    | Entered Level 3 of the Elven Halls
 74336 | Elf:3    | Noticed Donald
 74338 | Elf:3    | Killed Donald
 74828 | Elf:3    | Shot with an arrow by a deep elf master archer

Illustrated notes

Levels and vault maps discovered:
D:1:      minmay_arrival_shattered_statue, layout_basic, serial_shops,
          nicolae_shop_statue_plus
D:2:      layout_loops_ring, hellmonk_ecumenical_altar_zigzags
D:3:      layout_basic, st_stairs_5, uniq_ijyb, uniq_terence
D:4:      layout_basic, grunt_dithmenos_smoke_and_mirrors,
          ebering_ghost_reflecting_pool, enter_ossuary_2, hex_large
D:5:      kennysheep_kobold_camp, layout_loops_corners,
          mainiacjoe_overflow_tiny_flanked, minmay_overflow_temple_star_quad,
          mainiacjoe_overflow_paths, minmay_temple_entry_statues_fountains,
          uniq_crazy_yiuf_cottage, uniq_edmund
D:6:      layout_rooms, kennysheep_okawaru_gauntlet, serial_shops, shop,
          nicolae_stop_n_shop_2, shop, shop_statue, shop, uniq_blork_the_orc
D:7:      layout_basic, mainiacjoe_overflow_two_lobes, grunt_ministairs_11,
          uniq_menkaure
D:8:      layout_cave_pods, vehumet_crystals, minivault_14,
          minmay_diamond_spiral, uniq_psyche, uniq_grum
D:9:      layout_long_grid, chei_slow_surprise,
          mainiacjoe_overflow_concentric_impassable, special_room
          [special_room_bee], minmay_misc_feat_x, uniq_prince_ribbit1
D:10:     minmay_the_grid_square_5x5_3x3 [minmay_the_grid_square_5x5_meh,
          minmay_the_grid_square_5x5_spiral, minmay_the_grid_square_5x5_n,
          minmay_the_grid_square_5x5_z,
          minmay_the_grid_square_5x5_megaprize_open,
          minmay_the_grid_square_5x5_intrusive_squares,
          minmay_the_grid_square_5x5_minivault,
          minmay_the_grid_square_5x5_bridge, minmay_the_grid_square_5x5_six],
          layout_basic, due_lair_maze_entry_diamond, uniq_maurice
D:11:     layout_rooms, orc_0_dummy, serial_shops, kennysheep_mini,
          evilmike_ruin_ashenzari, uniq_harold
D:12:     layout_loops_cross, minmay_unpleasant_kobolds, uniq_frances
D:13:     layout_gridville, chequers_big_river, nicolae_qazlal_scattered_showers
D:14:     layout_irregular_city, ximxim_vaults_locker_room, enter_bailey_3,
          serial_shops, nicolae_lakefront_shop, hangedman_decor_points,
          serial_bayou_pond_d, laboratory
D:15:     hangedman_depths_entry_try_elsewhere_first, layout_small_grid,
          serial_park_avenue1, gauntlet_entry_generic, minmay_joined_circles
Temple:   jpeg_temple_alley_garden
Lair:1:   layout_roguey, uniq_urug
Lair:2:   layout_loops_ring, minmay_snake_entry_guardpost_large,
          serial_bayou_shore_b
Lair:3:   layout_gridlike, elwin_shoals_entry_stream,
          nicolae_volcano_entry_hallway, grunt_megastairs_3
Lair:4:   nzn_winding_woodlands_large [nzn_winding_woodlands_5x5_default,
          nzn_winding_woodlands_5x15_split_checker,
          nzn_winding_woodlands_5x5_cross,
          nzn_winding_woodlands_center_pierced_h,
          nzn_winding_woodlands_15x15_boxy_spiral,
          nzn_winding_woodlands_center_triple_pond,
          nzn_winding_woodlands_5x5_three, nzn_winding_woodlands_5x15_pool,
          nzn_winding_woodlands_hourglass], layout_regular_city, st_stairs_10
Lair:5:   layout_roguey, minmay_slime_entry_jelly_boxes, tgw_fedhas,
          serial_bayou_shore_b
Lair:6:   guppyfry_lair_end_dragon, layout_cave_shapes,
          hangedman_lair_tendril_chambers
Shoals:1: layout_shoals
Shoals:2: layout_shoals, nicolae_shoals_goliath_grotto, uniq_kirke
Shoals:3: nicolae_shoals_mermall, layout_shoals, uniq_roxanne, uniq_ilsuiw,
          uniq_nikola
Shoals:4: shoals_end_simple, layout_shoals, serial_shops,
          nicolae_shop_behind_doors
Snake:1:  layout_rooms, minmay_shop_grove, grunt_megastairs_2
Snake:2:  layout_grid_shapes, drop_trap, minmay_shop_star
Snake:3:  layout_cave_town
Snake:4:  snake_pit_salamanders_mu, layout_chambers, serial_shops,
          nicolae_shop_crystal, serial_bayou_shore_b, uniq_mara
Orc:1:    layout_caves, basic_altar, uniq_snorg
Orc:2:    st_orc_rangers, layout_diamond_mine, basic_altar, serial_shops, shop,
          uniq_jorgrun
Elf:1:    layout_gridlike, portal_ice_cave_entry_frozen_things,
          serial_co_window_serial, co_window_paths_a, co_window_paths_a,
          co_window_corner_a, co_window_corner_a, co_window_corner_a,
          co_window_paths_a, co_window_broadway_c, co_window_of_opportunity_b,
          co_window_broadway_c, co_window_corner_ca, co_window_corner_ca,
          co_window_paths_c, co_window_sun, glass_columns_b, glass_columns_b,
          glass_columns_a, minivault_28
Elf:2:    nicolae_elf_blades_crystal_corner, layout_onion_city,
          grunt_ministairs_8
Elf:3:    minmay_elf_hall_x, layout_loops_cross, serial_sigils,
          serial_sigils_hangedman_scratch, serial_sigils_hangedman_snap,
          serial_sigils_hangedman_gnaw, serial_sigils_hangedman_shear,
          enter_trove_2, grunt_megastairs_4, uniq_donald, uniq_saint_roka
Vaults:1: nicolae_vaults_know_your_exits, vaults_mumra_chevron_long,
          hangedman_vaults_capsules, vaults_room_octagon, vaults_dpeg_doors,
          vaults_dpeg_hooks, nicolae_vaults_gold_heap, layout_vaults_quadrants
Vaults:2: minmay_crypt_entry_simple_sparse, v_misc_22,
          nicolae_vaults_circle_grid_b, v_pattern_3, grunt_vaults_hallway_short,
          hangedman_vaults_stitches, grunt_vaults_twisty,
          nicolae_vaults_network_star, v_rooms_3, v_misc_29,
          nicolae_vaults_specimen_jars, vaults_room_hallway,
          layout_vaults_omnicross, serial_shops, shop, uniq_asterion
Vaults:3: nicolae_vaults_little_squares_6, ontoclasm_vaults_chip,
          vaults_room_grunt_arrival_ludios, vaults_room_ringed_pool,
          v_pattern_5, v_misc_13, dpeg_vaults_monster_row,
          nicolae_vaults_ninety_degrees, grunt_vaults_diagonal,
          hangedman_vaults_locks, vaults_dpeg_encased_lava,
          layout_vaults_omnibox
Vaults:4: hangedman_vaults_snaps, nicolae_vaults_big_angled_halls,
          hangedman_vaults_trim, v_misc_10, v_rooms_5, nicolae_vaults_little_ls,
          ontoclasm_vaults_twist, layout_vaults_ring,
          infiniplex_enter_wizlab_water, serial_shops, bzr_entry_lakeside,
          nicolae_shop_stone, nicolae_shop_behind_doors, shop
Vaults:5: uniq_sojobo

Skill      XL: |  1  2  3  4  5  6  7  8  9 10 11 12 13 14 15 16 17 18 19 20 21 |
---------------+----------------------------------------------------------------+-----
Transmutations | 1 2 |  2.0
Poison Magic   | 4 5 7 8 |  8.2
Conjurations   | 3 5 10 12 13 | 13.5
Air Magic      | 2 6 |  6.3
Spellcasting   | 3 5 6 7 8 9 10 11 12 | 12.5
Fire Magic     | 3 |  3.3
Fighting       | 4 7 8 9 10 | 10.7
Dodging        | 4 7 8 10 | 10.6
Evocations     | 4 6 |  6.1
Ice Magic      | 5 8 9 10 13 17 20 22 24 27 | 27.0
Shields        | 4 |  4.0
Necromancy     | 7 10 | 10.8
Stealth        | |  1.7

Action                   |  1- 3 |  4- 6 |  7- 9 | 10-12 | 13-15 | 16-18 | 19-21 | 22-24 || total
-------------------------+-------+-------+-------+-------+-------+-------+-------+-------++-------
Melee: Dagger            |     6 |       |       |       |       |       |       |       ||     6
       Short sword       |       |    22 |       |       |       |       |       |       ||    22
       Flail             |       |     9 |    27 |       |       |       |       |       ||    36
       Eveningstar       |       |       |    80 |   187 |    23 |       |       |       ||   290
       Unarmed           |       |       |       |    14 |       |       |       |       ||    14
       Staff             |       |       |       |       |   132 |    71 |    90 |     3 ||   296
 Cast: Sting             |    74 |   115 |    18 |     2 |     1 |       |       |       ||   210
       Olgreb's Toxic Ra |       |       |    48 |    82 |   175 |    13 |     1 |       ||   319
       Mephitic Cloud    |       |       |     8 |    10 |       |       |     1 |       ||    19
       Ignite Poison     |       |       |     7 |    49 |   122 |     4 |     1 |       ||   183
       Conjure Flame     |       |       |     1 |       |       |       |       |       ||     1
       Sticky Flame      |       |       |     3 |    35 |    42 |    16 |     8 |       ||   104
       Freezing Cloud    |       |       |       |    12 |   185 |    37 |       |       ||   234
       Orb of Destructio |       |       |       |       |    36 |   240 |   189 |     5 ||   470
       Ozocubu's Refrige |       |       |       |       |       |   182 |   159 |    17 ||   358
       Sublimation of Bl |       |       |       |       |       |     7 |    25 |       ||    32
       Polar Vortex      |       |       |       |       |       |       |    47 |     4 ||    51
Evoke: Phantom mirror    |       |       |       |     1 |       |       |       |       ||     1
       Tin of tremorston |       |       |       |       |     2 |     2 |       |       ||     4
       Wand              |       |       |       |       |     1 |       |       |       ||     1
       Condenser vane    |       |       |       |       |       |     1 |     1 |       ||     2
  Use: Scroll            |     3 |     4 |     7 |     8 |     5 |     7 |     7 |       ||    41
       Potion            |       |       |       |       |       |     1 |       |       ||     1
 Stab: Sleeping          |       |       |     1 |       |       |       |       |       ||     1
       Paralysed         |       |       |     5 |    24 |    22 |    12 |    12 |       ||    75
Armor: Robe              |    10 |    32 |     6 |       |       |       |       |       ||    48
       Leather armour    |       |       |    73 |   178 |   124 |    72 |    85 |     6 ||   538
       Skin              |       |       |       |     8 |       |       |     1 |       ||     9
Dodge: Dodged            |    22 |    54 |    90 |   174 |   136 |    95 |    78 |     6 ||   655
Block: Other             |       |       |    47 |   168 |    12 |       |       |       ||   227
       Reflection        |       |       |     2 |     8 |    50 |    51 |    53 |     4 ||   168
       Buckler           |       |       |       |       |   168 |   148 |   167 |     9 ||   492

Table legend: (Time is in decaauts)
 A = Elapsed time spent in this place.
 B = Non-inter-level travel time spent in this place.
 C = Inter-level travel time spent in this place.
 D = Time resting spent in this place.
 E = Time spent auto-exploring this place.
 F = Levels seen in this place.
 G = Mean time per level.
                   A        B        C        D        E       F      G
               +--------+--------+--------+--------+--------+-----+--------+
         Total |  75521 |  71285 |   4236 |  19652 |  41598 |  46 | 1641.8 |
       Dungeon |  25597 |  23658 |   1939 |   4407 |  15747 |  15 | 1706.5 |
        Temple |     91 |     58 |     33 |      0 |     32 |   1 |   91.0 |
          Lair |  11984 |  11496 |    488 |   2438 |   7625 |   6 | 1997.3 |
        Shoals |   7980 |   7701 |    279 |   3167 |   3717 |   4 | 1995.0 |
     Snake Pit |  10873 |  10319 |    554 |   5156 |   3999 |   4 | 2718.2 |
  Orcish Mines |   2457 |   2187 |    270 |    460 |   1356 |   2 | 1228.5 |
   Elven Halls |   3880 |   3751 |    129 |    601 |   2663 |   3 | 1293.3 |
        Vaults |   8688 |   8147 |    541 |   1856 |   5114 |   5 | 1737.6 |
         Abyss |    499 |    499 |      0 |    216 |     63 |   1 |  499.0 |
        Bazaar |     81 |     81 |      0 |      0 |     13 |   1 |   81.0 |
        Bailey |   1259 |   1259 |      0 |    193 |    932 |   1 | 1259.0 |
       Volcano |    297 |    297 |      0 |     75 |    144 |   1 |  297.0 |
        Wizlab |    796 |    796 |      0 |    315 |    102 |   1 |  796.0 |
      Gauntlet |   1031 |   1031 |      0 |    768 |     90 |   1 | 1031.0 |
               +--------+--------+--------+--------+--------+-----+--------+

Top non-repeatable levels by time:
 Snake:4: 4628 daAuts
    D:10: 3085 daAuts
  Lair:6: 3056 daAuts
Shoals:3: 2942 daAuts
Vaults:2: 2908 daAuts
 Snake:3: 2820 daAuts
     D:5: 2650 daAuts
Vaults:1: 2412 daAuts
Shoals:4: 2331 daAuts
    D:15: 2306 daAuts
     D:3: 2168 daAuts
  Lair:5: 2039 daAuts
 Snake:1: 2030 daAuts
  Lair:4: 1903 daAuts
Vaults:3: 1902 daAuts
